 Dungeon Crawl Stone Soup version 0.29-a0-1027-gcd8c55af63 (webtiles) character file.

Game seed: 2860419299589300981

14394 Manisian the Covert (level 11, -11/55 HPs)
             Began as a Spriggan Enchanter on Aug 13, 2022.
             Was a Priest of Dithmenos.
             Mangled by a two-headed ogre
             ... wielding a +0 great mace of flaming
              (16 damage)
             ... in a volcano.
             The game lasted 00:49:10 (15767 turns).

Manisian the Covert (Spriggan Enchanter)           Turns: 15767, Time: 00:49:10

Health: -11/55     AC: 10    Str:  6    XL:     11   Next: 88%
Magic:  25/25      EV: 20    Int: 26    God:    Dithmenos [***...]
Gold:   652        SH:  0    Dex: 15    Spells: 8/28 levels left

rFire   . . .      SeeInvis +   r - +4 dagger (venom)
rCold   . . .      Faith    .   (no shield)
rNeg    . . .      Spirit   .   G - +1 steam dragon scales
rPois   .          Reflect  .   (helmet restricted)
rElec   .          Harm     .   (no cloak)
rCorr   .          Rampage  .   (gloves unavailable)
Will    +....                   (boots unavailable)
Stlth   ++++++....              i - amulet of magic regeneration
HPRegen 0.18/turn               n - +6 ring of intelligence
MPRegen 0.59/turn               A - +4 ring of protection

@: wreathed by umbra, very quick
A: very small, no large weapons, unfitting armour, see invisible, speed 3
a: Renounce Religion, Shadow Step


You were in a volcano.
You worshipped Dithmenos.
Dithmenos was most pleased with you.
You visited 3 branches of the dungeon, and saw 13 of its levels.
You also visited: Ossuary and Volcano.

You collected 944 gold pieces.
You spent 292 gold pieces at shops.

Inventory:

Hand Weapons
 a - a +1 dagger
 j - a +4 dagger of protection
 r - a +4 dagger of venom (weapon)
 w - the +5 hammer of Sauterph {holy, Int+3}
   (You found it on level 4 of the Dungeon)

   It has been blessed by the Shining One to cause great damage to the undead
   and demons.
   Int:       It affects your intelligence (+3).
Missiles
 d - 26 poisoned darts
 e - 10 boomerangs (quivered)
 x - 2 throwing nets
Armour
 b - a +2 robe
 G - +1 steam dragon scales (worn)
Magical Staves
 o - a staff of cold
 v - a staff of poison
Jewellery
 i - an amulet of magic regeneration (around neck)
 n - a +6 ring of intelligence (left hand)
 A - a +4 ring of protection (right hand)
 C - a ring of ice
Wands
 k - a wand of quicksilver (24)
 q - a wand of roots (15)
 B - a wand of polymorph (11)
 I - a wand of paralysis (7)
Scrolls
 g - 3 scrolls of magic mapping
 p - 5 scrolls of teleportation
 y - 7 scrolls of identify
 D - a scroll of butterflies
 E - 4 scrolls of blinking
 H - a scroll of amnesia
Potions
 c - 3 potions of cancellation
 f - 2 potions of flight
 h - 2 potions of resistance
 l - a potion of mutation
 m - a potion of might
 s - 4 potions of lignification
 t - a potion of haste
 u - a potion of ambrosia
 z - 2 potions of attraction
 F - 2 potions of brilliance


   Skills:
 + Level 5.1 Fighting
 - Level 10.0 Short Blades
 - Level 0.2 Throwing
 + Level 6.7 Dodging
 + Level 10.4 Stealth
 + Level 9.3 Spellcasting
 + Level 1.1 Conjurations
 - Level 10.0 Hexes
 - Level 3.0 Translocations
 - Level 4.0 Transmutations
 - Level 2.0 Ice Magic
 - Level 4.0 Air Magic
 - Level 4.0 Poison Magic
 - Level 5.0 Evocations


You had 8 spell levels left.
You knew the following spells:

 Your Spells              Type           Power      Damage    Failure   Level
a - Ensorcelled Hibernat  Hex/Ice        86%        N/A       1%          2
b - Confusing Touch       Hex            59%        N/A       1%          3
c - Dazzling Flash        Conj/Hex       82%        N/A       1%          3
d - Poisonous Vapours     Pois/Air       66%        N/A       1%          2
e - Teleport Other        Tloc           27%        N/A       4%          3
f - Ignite Poison         Fire/Tmut/Pois 26%        N/A       4%          3
g - Sticky Flame          Conj/Fire      15%        2d4       36%         4

Your spell library contained the following spells:

 Spells                   Type           Power      Damage    Failure   Level
 Apportation              Tloc           54%        N/A       1%          1
 Tukima's Dance           Hex            59%        N/A       1%          3
 Magic Dart               Conj           72%        1d6       3%          1
 Necrotise                Necr           48%        1d6       4%          1
 Summon Small Mammal      Summ           48%        N/A       4%          1
 Searing Ray              Conj           36%        2d5       4%          2
 Gell's Gravitas          Tloc           27%        N/A       4%          3
 Fulminant Prism          Conj/Hex       20%        3d13      4%          4
 Conjure Flame            Conj/Fire      15%        6-21      12%         3
 Corpse Rot               Necr/Pois/Air  26%        N/A       16%         4
 Animate Dead             Necr           12%        N/A       43%         4
 Borgnjor's Vile Clutch   Necr/Erth      6%         N/A       80%         5
 Dispersal                Tloc           13%        N/A       91%         6
 Death Channel            Necr           6%         N/A       100%        6


Dungeon Overview and Level Annotations

Branches:
Dungeon (11/15)            Temple (1/1) D:7            Lair (1/5) D:11
Ossuary (visited)         Volcano (1/1)
    Orc: D:9-12

Altars:
Ashenzari
Cheibriados
Dithmenos
Elyvilon
Fedhas
Gozag
Hepliaklqana
Kikubaaqudgha
Makhleb
Nemelex Xobeh
Okawaru
Qazlal
Ru
Sif Muna
Trog
Uskayaw
Vehumet
Wu Jian
Xom
Yredelemnul
Zin
The Shining One

Shops:
D:6 *[   D:10 (

Annotations:
D:2 exclusion: downstairs
D:8 Amaemon


Innate Abilities, Weirdness & Mutations

You are very small and have problems with some larger weapons.
You are too small for most types of armour.
You have supernaturally acute eyesight. (SInv)
You cover ground extremely quickly. (Speed+++)


Message History

You start resting.
In the distance, the volcano erupts with a roar.
You start resting.
You are starting to lose your buoyancy.
You start resting.
You float gracefully downwards.
You start resting.
The air gets thick with the scent of sulphur.
You start resting.
In the distance, the volcano erupts with a roar.
You start resting.
The air gets thick with the scent of sulphur.
You start resting.
In the distance, the volcano erupts with a roar.
You start resting.
The air gets thick with the scent of sulphur.
You start resting.
In the distance, the volcano erupts with a roar.
You start resting.
HP restored.
You start waiting.
The air gets thick with the scent of sulphur.
You start waiting.
In the distance, the volcano erupts with a roar.
You start waiting.
The air gets thick with the scent of sulphur.
There is an open door, spattered with blood here.
You see here a +0 shortbow of flaming.
You start waiting.
In the distance, the volcano erupts with a roar.
A fire bat comes into view.
The two-headed ogre shouts in stereo! x3
The fire bat bites you.
You are engulfed in flames.
The fire bat barely misses you.
The two-headed ogre hits you with a +0 great mace of flaming!!
Ouch! That really hurt!
You emit a cloud of dark smoke.
The two-headed ogre burns you!
* * * LOW HITPOINT WARNING * * *
The two-headed ogre hits you with a +0 giant club of flaming!
You die...

≈≈≈≈≈~~.')...#..≈≈§≈≈≈###
≈≈≈≈≈≈~.#)...#.≈≈≈≈§≈≈§§#
≈≈≈≈≈≈~^##.[##..≈§≈§≈≈###
≈≈≈≈≈~...####..≈§§≈≈≈≈≈#
≈≈≈≈≈~.........≈≈≈≈≈≈≈##
≈≈≈≈≈≈~..####...≈≈≈§≈#§#
≈≈≈≈≈≈~.##[.##.≈≈≈≈≈§§≈≈#
≈≈≈≈≈≈~.#O..§#§≈§≈§§§§ ≈#
≈≈≈≈~.~.#..OO@§≈.§≈≈§§
≈≈≈≈≈≈..#...b#§.≈≈§§§#
≈≈≈≈≈~~.##..##...§§≈≈≈
≈≈≈≈≈≈...####..≈≈§§§≈≈
≈≈≈≈≈.~........≈.§≈§§≈
≈≈≈≈≈≈~..####..§≈§≈≈≈#
≈≈≈≈~.~.## ##.≈≈§§§§§
≈≈≈≈~~~^# #§§§≈≈§§#
≈≈≈≈~.≈^+ #.≈.≈§§≈≈


You could see 3 two-headed ogres and a fire bat.

Vanquished Creatures
  2 two-headed ogres
  An ugly thing (D:9)
  A manticore (D:11)
  A salamander (Volcano)
  Maurice (D:10)
  2 kobold demonologists (D:11)
  5 trolls
  2 hornets (D:10)
  Sigmund (D:3)
  A wyvern (D:9)
  A vampire (D:9)
  Eustachio (D:4)
  21 yaks
  2 wraiths
  A steam dragon (D:7)
  A fire bat (Volcano)
  3 vampire mosquitoes
  4 water moccasins
  4 hell hounds
  An ice beast (D:6)
  2 sky beasts (D:7)
  2 ogres
  7 centaurs
  2 kobold brigands (D:9)
  2 elf zombies (Ossuary)
  9 bullfrogs
  A gnoll sergeant (D:9)
  A scorpion (D:5)
  5 wights (D:9)
  14 killer bees
  A howler monkey (D:11)
  8 hounds
  A human zombie (Ossuary)
  A jelly (D:5)
  Crazy Yiuf (D:4)
  2 gnoll boudas
  8 orc priests
  10 orc wizards
  3 iguanas
  2 hound zombies (Ossuary)
  4 mummies (Ossuary)
  23 gnolls
  9 adders
  A white imp (D:8)
  An ufetubus (D:4)
  An adder zombie (Ossuary)
  A dart slug (D:2)
  4 worms
  31 orcs
  4 endoplasms
  5 giant cockroaches
  A gnoll zombie (Ossuary)
  12 goblins
  9 hobgoblins
  11 kobolds
  3 quokkas
  7 ball pythons
  7 bats
  4 frilled lizards
  3 goblin zombies (Ossuary)
  2 jackal zombies (Ossuary)
  8 rats
289 creatures vanquished.

Vanquished Creatures (others)
  2 plants (D:9)
2 creatures vanquished.

Grand Total: 291 creatures vanquished

Notes
Turn   | Place    | Note
-------+----------+-------------------------------------------
     0 | D:1      | Manisian the Spriggan Enchanter began the quest for the
                  | Orb.
     0 | D:1      | Reached XP level 1. HP: 9/9 MP: 5/5
   303 | D:1      | Reached XP level 2. HP: 11/13 MP: 7/7
   310 | D:1      | Found a faded altar of an unknown god.
   344 | D:1      | Learned a level 2 spell: Ensorcelled Hibernation
  1163 | D:2      | Reached skill level 5 in Stealth
  1163 | D:2      | Reached XP level 3. HP: 16/16 MP: 5/8
  1503 | D:2      | Reached XP level 4. HP: 20/21 MP: 1/9
  1757 | D:2      | Reached skill level 1 in Ice Magic
  1767 | D:2      | Learned a level 3 spell: Confusing Touch
  2770 | D:3      | Reached XP level 5. HP: 24/24 MP: 11/11
  2774 | D:3      | Learned a level 3 spell: Dazzling Flash
  2820 | D:3      | Noticed Sigmund
  2835 | D:3      | Killed Sigmund
  2836 | D:3      | Reached skill level 5 in Hexes
  2836 | D:3      | Reached XP level 6. HP: 28/28 MP: 7/13
  3071 | D:3      | Found a hide-covered altar of Uskayaw.
  4733 | D:4      | Found a sand-covered staircase.
  4736 | D:4      | Noticed Eustachio
  4766 | D:4      | Killed Eustachio
  4767 | D:4      | Reached skill level 5 in Spellcasting
  4767 | D:4      | Reached XP level 7. HP: 24/32 MP: 3/16
  4776 | Ossuary  | Entered an ossuary
  4839 | Ossuary  | Reached skill level 1 in Fighting
  5408 | D:4      | Found a runed translucent door.
  5408 | D:4      | Identified the +5 hammer of Sauterph {holy, Int+3}
  5410 | D:4      | Noticed Crazy Yiuf
  5416 | D:4      | Killed Crazy Yiuf
  5545 | D:4      | Learned a level 2 spell: Poisonous Vapours
  6129 | D:5      | Entered Level 5 of the Dungeon
  6307 | D:5      | Reached XP level 8. HP: 37/37 MP: 10/19
  6619 | D:5      | Reached skill level 1 in Air Magic
  7038 | D:5      | Reached skill level 5 in Short Blades
  7038 | D:5      | Reached skill level 1 in Poison Magic
  7371 | D:5      | Learned a level 3 spell: Teleport Other
  7390 | D:6      | Found Fomycul's Antique Armour Shoppe.
  7492 | D:6      | Found Yrujarph's Assorted Antiques.
  7559 | D:6      | Bought a scroll labelled QEANAA FANEESAON for 20 gold
                  | pieces
  7559 | D:6      | Bought a scroll labelled LAOLOGESTRU for 20 gold pieces
  7618 | D:6      | Reached skill level 1 in Translocations
  7990 | D:6      | Reached XP level 9. HP: 42/42 MP: 10/23
  9100 | D:7      | Found a staircase to the Ecumenical Temple.
  9110 | Temple   | Entered the Ecumenical Temple
  9318 | Temple   | Became a worshipper of Dithmenos the Shadowed
  9490 | D:7      | Learned a level 3 spell: Ignite Poison
  9549 | D:8      | Noticed Amaemon
  9551 | D:8      | Reached skill level 1 in Transmutations
  9552 | D:8      | Noticed an orange demon
 10251 | D:8      | HP: 1/42 [poisoned by an orange demon]
 10488 | D:9      | Noticed a troll
 10496 | D:9      | Reached XP level 10. HP: 44/46 MP: 19/24
 10512 | D:9      | Reached skill level 1 in Evocations
 10749 | D:9      | Noticed a two-headed ogre
 10789 | D:9      | Killed a two-headed ogre
 10790 | D:9      | Reached skill level 10 in Hexes
 11062 | D:9      | Reached * piety under Dithmenos
 11161 | D:9      | Noticed a purple ugly thing
 11190 | D:9      | Killed a purple ugly thing
 12182 | D:9      | Found an opulent altar of Gozag.
 12182 | D:9      | Found a stormy altar of Qazlal.
 12188 | D:9      | Found a shimmering altar of Xom.
 12190 | D:9      | Found a glowing silver altar of Zin.
 12192 | D:9      | Found a basalt altar of Yredelemnul.
 12710 | D:10     | Entered Level 10 of the Dungeon
 12747 | D:10     | Reached XP level 11. HP: 54/54 MP: 18/25
 12907 | D:10     | Reached ** piety under Dithmenos
 12908 | D:10     | Reached skill level 5 in Fighting
 13078 | D:10     | Noticed Maurice
 13086 | D:10     | Killed Maurice
 13087 | D:10     | Reached skill level 5 in Evocations
 13111 | D:10     | Found Etaankou's Weapon Boutique.
 13122 | D:10     | Bought a +3 dagger of venom for 252 gold pieces
 13372 | D:10     | Reached skill level 10 in Short Blades
 13731 | D:10     | Found a sparkling altar of Nemelex Xobeh.
 13731 | D:10     | Found a shimmering blue altar of Sif Muna.
 13984 | D:11     | Noticed a boulder beetle
 14039 | D:10     | Learned a level 4 spell: Sticky Flame
 14745 | D:11     | Reached skill level 5 in Dodging
 15158 | D:11     | Reached skill level 1 in Conjurations
 15204 | D:11     | Found a staircase to the Lair.
 15207 | D:11     | Reached *** piety under Dithmenos
 15259 | Lair:1   | Entered Level 1 of the Lair of Beasts
 15386 | Lair:1   | Found a dark tunnel.
 15394 | Volcano  | Entered a volcano
 15430 | Volcano  | Noticed a two-headed ogre
 15430 | Volcano  | Noticed a two-headed ogre
 15430 | Volcano  | Noticed a two-headed ogre
 15463 | Volcano  | Noticed a two-headed ogre
 15477 | Volcano  | Killed a two-headed ogre
 15478 | Volcano  | Reached skill level 10 in Stealth
 15767 | Volcano  | Mangled by a two-headed ogre

Illustrated notes

Levels and vault maps discovered:
D:1:      dpeg_arrival_simpleton_b, layout_rooms, serial_curves, eino_curves_03,
          eino_curves_04, hellmonk_ecumenical_altar_run_dry,
          chequers_decorated_corner, dk_noncrumbling_3
D:2:      cheibrodos_pilgrimage, layout_basic, columned_hall_lemuel
D:3:      layout_basic, nicolae_uskayaw_dance_hall, uniq_sigmund
D:4:      layout_gridville, nicolae_ossuary_entry_ruins, uniq_eustachio,
          uniq_crazy_yiuf_cottage
D:5:      layout_cave_pools
D:6:      layout_rooms, serial_shops, nicolae_shop_overgrown_old_shop, shop
D:7:      layout_rooms, minmay_temple_entry_glassed_door
D:8:      layout_rooms, nicolae_elevator_lobby_asterisk, uniq_amaemon
D:9:      kennysheep_housing_project, layout_loops_ring,
          chequers_temple_overflow_minitemple
D:10:     layout_loops_ring, jmf_multi_god_temple, serial_shops,
          nicolae_shop_bloodbath_and_beyond, kennysheep_nondescript,
          minmay_misc_feat_more_columns, uniq_maurice
D:11:     layout_roguey [special_room_bee], lair_entry_dummy
Temple:   eino_narrow_crystal_temple
Lair:1:   layout_layer_cave, enter_volcano_3, uniq_nergalle
Volcano:  volcano_village

Skill      XL: |  1  2  3  4  5  6  7  8  9 10 11 |
---------------+----------------------------------+-----
Hexes          | 4 5 6 9 10 | 10.0
Spellcasting   | 3 4 5 6 9 |  9.3
Stealth        | 5 6 8 10 | 10.4
Ice Magic      | 1 2 |  2.0
Short Blades   | 2 3 4 5 8 10 | 10.0
Dodging        | 3 6 |  6.7
Fighting       | 1 2 4 5 |  5.1
Air Magic      | 2 4 |  4.0
Poison Magic   | 2 4 |  4.0
Translocations | 2 3 |  3.0
Transmutations | 3 4 |  4.0
Evocations     | 4 5 |  5.0
Conjurations   | 1 |  1.1
Throwing       | |  0.2

Action                   |  1- 3 |  4- 6 |  7- 9 | 10-12 || total
-------------------------+-------+-------+-------+-------++-------
Melee: Dagger            |    61 |    91 |   187 |   197 ||   536
       Punch             |       |     1 |     2 |       ||     3
Throw: Dart              |     7 |       |       |     3 ||    10
       Stone             |       |     3 |       |       ||     3
       Boomerang         |       |    10 |     2 |     5 ||    17
 Cast: Ensorcelled Hiber |    18 |    57 |   107 |    89 ||   271
       Confusing Touch   |       |     4 |     7 |     8 ||    19
       Poisonous Vapours |       |       |    42 |    20 ||    62
       Ignite Poison     |       |       |     2 |    13 ||    15
       Dazzling Flash    |       |       |       |     2 ||     2
       Sticky Flame      |       |       |       |     1 ||     1
Evoke: Wand              |     1 |       |     3 |     6 ||    10
  Use: Scroll            |     4 |     6 |    18 |     7 ||    35
       Potion            |       |       |     6 |     4 ||    10
 Stab: Sleeping          |    17 |    46 |    53 |    71 ||   187
       Confused          |       |     1 |     4 |     7 ||    12
       Invisible         |       |       |    10 |     7 ||    17
       Distracted        |       |       |     1 |       ||     1
Armor: Robe              |     7 |     4 |    39 |       ||    50
       Steam dragon scal |       |       |    13 |    24 ||    37
Dodge: Dodged            |    30 |    48 |   191 |   132 ||   401

Table legend: (Time is in decaauts)
 A = Elapsed time spent in this place.
 B = Non-inter-level travel time spent in this place.
 C = Inter-level travel time spent in this place.
 D = Time resting spent in this place.
 E = Time spent auto-exploring this place.
 F = Levels seen in this place.
 G = Mean time per level.
                   A        B        C        D        E       F      G
               +--------+--------+--------+--------+--------+-----+--------+
         Total |  12508 |  11885 |    623 |   4287 |   4596 |  15 |  833.9 |
       Dungeon |  11563 |  10956 |    607 |   3854 |   4447 |  11 | 1051.2 |
        Temple |    131 |    116 |     15 |      0 |    109 |   1 |  131.0 |
          Lair |     84 |     84 |      0 |      0 |      0 |   1 |   84.0 |
       Ossuary |    419 |    419 |      0 |    232 |     39 |   1 |  419.0 |
       Volcano |    310 |    310 |      0 |    201 |      0 |   1 |  310.0 |
               +--------+--------+--------+--------+--------+-----+--------+

Top non-repeatable levels by time:
     D:9: 2196 daAuts
     D:2: 1571 daAuts
     D:3: 1090 daAuts
     D:6: 1004 daAuts
     D:5: 970 daAuts
     D:4: 959 daAuts
    D:11: 937 daAuts
     D:1: 881 daAuts
     D:7: 880 daAuts
    D:10: 826 daAuts
 Ossuary: 419 daAuts
 Volcano: 310 daAuts
     D:8: 244 daAuts
  Temple: 131 daAuts
  Lair:1: 84 daAuts
